 Dungeon Crawl Stone Soup version 0.29-a0-1039-gfc20370e89 (webtiles) character file.

Game seed: 5913457603750940375

1672 Plasmagod the Grappler (level 8, -1/74 HPs)
             Began as a Troll Berserker on Aug 15, 2022.
             Was a Priest of Trog.
             Succumbed to a kobold brigand's poison
             ... on level 6 of the Dungeon.
             The game lasted 00:06:17 (3375 turns).

Plasmagod the Grappler (Troll Berserker)            Turns: 3375, Time: 00:06:18

Health: -1/74      AC:  4    Str: 28    XL:     8   Next: 70%
Magic:  7/7        EV: 10    Int:  3    God:    Trog [***...]
Gold:   318        SH:  0    Dex:  9    Spells: 7/7 levels left

rFire   . . .      SeeInvis .     - Unarmed
rCold   . . .      Faith    .   (no shield)
rNeg    . . .      Spirit   .   a - +0 animal skin
rPois   .          Reflect  .   (helmet restricted)
rElec   .          Harm     .   (no cloak)
rCorr   .          Rampage  .   (gloves unavailable)
Will    +++..                   (boots unavailable)
Stlth   +.........              (no amulet)
HPRegen 2.02/turn               f - ring of willpower
MPRegen 0.10/turn               (no ring)

@: lethally poisoned (-1 -> -4), strong-willed (expiring), on berserk cooldown,
regenerating (expiring), slowed, very slow
A: large, unfitting armour, claws 3, regeneration 1, shaggy fur 1, tough skin 1
a: Renounce Religion, Berserk, Trog's Hand


You were on level 6 of the Dungeon.
You worshipped Trog.
Trog was most pleased with you.
You visited 1 branch of the dungeon, and saw 6 of its levels.

You collected 318 gold pieces.

Inventory:

Missiles
 b - 5 large rocks (quivered)
Armour
 a - a +0 animal skin (worn)
Jewellery
 f - a ring of willpower (left claw)
 s - a ring of fire
Wands
 q - a wand of paralysis (10)
Scrolls
 d - 2 scrolls of identify
 g - a scroll of magic mapping
 i - 5 scrolls of teleportation
 l - a scroll of immolation {unknown}
 p - a scroll of fear
 t - 3 scrolls of enchant weapon
Potions
 c - 4 potions of curing
 e - 2 potions of brilliance
 h - a potion of flight
 j - a potion of invisibility {unknown}
 k - 2 potions of mutation {unknown}
 m - 2 potions of cancellation {unknown}
 n - a potion of degeneration {unknown}
 o - a potion of resistance {unknown}
 u - a potion of heal wounds {unknown}


   Skills:
 - Level 2.4 Fighting
 - Level 2.4 Dodging
 + Level 11.5 Unarmed Combat


You had 7 spell levels left.
You didn't know any spells.
Your spell library was empty.

Dungeon Overview and Level Annotations

Branches:
Dungeon (6/15)             Temple (0/1) D:4

Altars:
Ashenzari
Elyvilon
Fedhas
Hepliaklqana
Qazlal
Wu Jian
The Shining One

Shops:
D:4 [


Innate Abilities, Weirdness & Mutations

You are too large for most types of armour.
You have claws for hands.
Your natural rate of healing is unusually fast.
You are covered in fur. (AC +1)
You have tough skin. (AC +1)


Message History

The kobold brigand hits you with a +0 dagger.
* * * LOW HITPOINT WARNING * * *
The kobold brigand completely misses you.
You mangle the kobold brigand!!
You kill the kobold brigand!
Trog accepts your kill.
You feel sick.
The kobold brigand hits you with a +0 dagger.
* * * LOW HITPOINT WARNING * * *
The kobold brigand completely misses you.
You scratch the kobold brigand.
The kobold brigand is lightly wounded.
You feel sick. The kobold brigand barely misses you.
The kobold brigand hits you with a +0 dagger.
* * * LOW HITPOINT WARNING * * *
The kobold brigand hits you with a +0 dagger.
* * * LOW HITPOINT WARNING * * *
The kobold brigand attacks as you move away!
The kobold brigand hits you with a +0 dagger.
* * * LOW HITPOINT WARNING * * *
You feel sick.
The kobold brigand throws a curare-tipped dart.
The curare-tipped dart hits you.
You are more poisoned.
You have difficulty breathing.
* * * LOW HITPOINT WARNING * * *
You feel as though you will be slow longer.
The kobold brigand throws a poisoned dart.
The poisoned dart hits you.
You are lethally poisoned!
You see here a hobgoblin skeleton.
You mangle the kobold brigand!!
You kill the kobold brigand!
Trog accepts your kill.
* * * LOW HITPOINT WARNING * * *
You feel very sick.
You are no longer berserk.
You are exhausted.
You feel as though you will be slow longer.
You die...

### #..........< ##...##
###.#....... ##..)!.##
#.#....... #.......#
#..#...... #.÷.....#
#.#....... #÷÷÷....#
#.##..)... #÷÷KK÷###
#.###..... #KK.##.###.#
###... #@##......# ####
#÷###.##### #.###.#####
##.##......#
######...####.#.########
#.'...÷....÷'...........
##.####...####.#.#######.
#.....##.##......# #.
#.##...#.#.####### #.


You could see 4 kobold brigands.

Vanquished Creatures
  A kobold demonologist (D:6)
  Eustachio (D:5)
  An ice beast (D:5)
  2 phantoms
  4 kobold brigands
  A scorpion (D:6)
  4 wights (D:6)
  A howler monkey (D:4)
  2 hounds (D:6)
  An orc priest (D:3)
  2 jellies
  Jessica (D:3)
  An orc wizard (D:5)
  4 iguanas
  11 adders
  2 shadow imps
  2 ufetubi
  3 dart slugs
  9 orcs
  5 endoplasms
  2 giant cockroaches (D:3)
  10 goblins
  4 hobgoblins
  A quokka (D:4)
  6 ball pythons
  3 bats
  5 frilled lizards
  8 kobolds
  4 rats
101 creatures vanquished.

Notes
Turn   | Place    | Note
-------+----------+-------------------------------------------
     0 | D:1      | Plasmagod the Troll Berserker began the quest for the Orb.
     0 | D:1      | Reached XP level 1. HP: 22/22 MP: 0/0
   239 | D:1      | Reached XP level 2. HP: 29/29 MP: 1/1
   431 | D:1      | Reached skill level 4 in Unarmed Combat
   762 | D:2      | Reached XP level 3. HP: 36/36 MP: 2/2
  1168 | D:3      | Reached XP level 4. HP: 44/44 MP: 3/3
  1169 | D:3      | Reached skill level 5 in Unarmed Combat
  1207 | D:3      | Reached ** piety under Trog
  1377 | D:3      | Noticed Jessica
  1387 | D:3      | Killed Jessica
  1388 | D:3      | Reached XP level 5. HP: 50/50 MP: 4/4
  1608 | D:4      | Reached skill level 6 in Unarmed Combat
  1617 | D:4      | Noticed a phantom
  1635 | D:4      | Killed a phantom
  1680 | D:4      | Reached XP level 6. HP: 59/59 MP: 5/5
  1742 | D:4      | Reached skill level 7 in Unarmed Combat
  1780 | D:4      | Found a staircase to the Ecumenical Temple.
  1934 | D:4      | Found Xiunuschio's Antique Armour Shop.
  2245 | D:5      | Entered Level 5 of the Dungeon
  2253 | D:5      | Noticed an ice beast
  2263 | D:5      | Killed an ice beast
  2306 | D:5      | Reached skill level 8 in Unarmed Combat
  2324 | D:5      | Reached XP level 7. HP: 66/66 MP: 6/6
  2419 | D:5      | Noticed Eustachio
  2433 | D:5      | Killed Eustachio
  2467 | D:5      | Reached skill level 9 in Unarmed Combat
  2798 | D:5      | Found a blossoming altar of Fedhas.
  2805 | D:5      | Found an ornate altar of the Wu Jian Council.
  2812 | D:5      | Found a glowing golden altar of the Shining One.
  2816 | D:5      | Found a white marble altar of Elyvilon.
  2822 | D:5      | Found a broken altar of Ashenzari.
  2826 | D:5      | Found a hazy altar of Hepliaklqana.
  2837 | D:5      | Found a stormy altar of Qazlal.
  3110 | D:6      | Reached *** piety under Trog
  3114 | D:6      | Reached XP level 8. HP: 72/74 MP: 7/7
  3116 | D:6      | Reached skill level 10 in Unarmed Combat
  3357 | D:6      | Found the +7 Throatcutter {drain, coup de grace}
  3357 | D:6      | Noticed a kobold demonologist
  3366 | D:6      | Killed a kobold demonologist
  3367 | D:6      | Reached skill level 11 in Unarmed Combat
  3373 | D:6      | HP: 3/111 [asphyx]
  3375 | D:6      | Succumbed to a kobold brigand's poison

Illustrated notes

Levels and vault maps discovered:
D:1:      saegor_arrival_simple_c, layout_basic, amcnicky_mini_pool_small,
          dreamdust_princess_bridge
D:2:      layout_rooms
D:3:      layout_rooms, uniq_jessica
D:4:      layout_cave_pools, minmay_temple_entry_nine_rooms, serial_shops,
          nicolae_shop_statue_plus
D:5:      layout_gridville, grunt_temple_overflow_octagram, uniq_eustachio
D:6:      layout_loops_ring, mainiacjoe_overflow_24_doors,
          dilly_guarded_unrand_throatcut, uniq_menkaure

Skill      XL: |  1  2  3  4  5  6  7  8 |
---------------+-------------------------+-----
Unarmed Combat | 4 5 6 8 9 11 | 11.5
Fighting       | |  2.4
Dodging        | |  2.4

Action                   |  1- 3 |  4- 6 |  7- 9 || total
-------------------------+-------+-------+-------++-------
Melee: Unarmed           |    63 |   112 |    83 ||   258
       Punch             |       |     3 |     3 ||     6
Invok: Berserk           |     1 |     2 |     2 ||     5
       Trog's Hand       |       |       |     1 ||     1
  Use: Scroll            |       |    11 |       ||    11
 Stab: Sleeping          |       |       |     1 ||     1
Armor: Animal skin       |    23 |    30 |    12 ||    65
Dodge: Dodged            |    16 |    50 |    49 ||   115

Table legend: (Time is in decaauts)
 A = Elapsed time spent in this place.
 B = Non-inter-level travel time spent in this place.
 C = Inter-level travel time spent in this place.
 D = Time resting spent in this place.
 E = Time spent auto-exploring this place.
 F = Levels seen in this place.
 G = Mean time per level.
                   A        B        C        D        E       F      G
               +--------+--------+--------+--------+--------+-----+--------+
         Total |   3378 |   3285 |     93 |    151 |   2524 |   6 |  563.0 |
       Dungeon |   3378 |   3285 |     93 |    151 |   2524 |   6 |  563.0 |
               +--------+--------+--------+--------+--------+-----+--------+

Top non-repeatable levels by time:
     D:5: 798 daAuts
     D:4: 664 daAuts
     D:1: 649 daAuts
     D:2: 480 daAuts
     D:3: 453 daAuts
     D:6: 332 daAuts
